Nashville Predators vs St-Louis Blues

Created - samedi, 17 février 2024 at 19:00

Goals
1 2 3 OT1 T
Nashville Predators 0 2 1 0 3
St-Louis Blues 1 2 0 1 4
Shots
1 2 3 OT1 T
Nashville Predators 10 14 16 1 41
St-Louis Blues 12 12 11 1 36

1st period

1. St-Louis Blues , Filip Zadina 1 (Robert Thomas 23, Alex Pietrangelo 26) at 11:24

Penalties :
Kaapo Kahkonen (NSH) for Slashing (Minor) at 13:49 - Ethan Bear served the penalty.

2nd period

2. Nashville Predators , Filip Forsberg 23 (Filip Chytil 17, Matt Duchene 17) at 4:31
3. Nashville Predators , Tyler Seguin 17 (Kevin Fiala 15, Seth Jarvis 27) at 6:38
4. St-Louis Blues , Sammy Blais 6 (Jesper Boqvist 10, Sean Durzi 21) at 10:20
5. St-Louis Blues , Jesper Boqvist 6 (Sammy Blais 10, Alex Pietrangelo 27) at 14:37

Penalties :
Zach Sanford (STL) for Cross-checking (Minor) at 11:16

3rd period

6. Nashville Predators , Connor Murphy 2 (Seth Jarvis 28, Tyler Seguin 14) at 0:10

Penalties :
Parker Wotherspoon (NSH) for Elbowing (Minor) at 2:24, Dante Fabbro (NSH) for Slashing (Minor) at 10:23

Overtime #1

7. St-Louis Blues , Dakota Joshua 6 (Alex Pietrangelo 28, Robert Thomas 24) at 0:18

Penalties :
No Penalty

Goalie Stats

Kaapo Kahkonen (NSH), 32 saves from 36 shots - (0.889), OTL, 10-16-4, 60:19 minutes
Charlie Lindgren (STL), 38 saves from 41 shots - (0.927), W, 2-8-0, 60:19 minutes

Players Stats for Nashville Predators

Player Name              G  A  P  +/- PIM S  H  SB GA TA FO     MP     PP MP  PK MP  
------------------------------------------------------------------------------------
Anthony Beauvillier      0  0  0   0  0   4  2  0  0  0  1/1    14:11   0:57   0:03 
Austin Watson            0  0  0  -1  0   1  1  0  0  0  7/21   11:29   0:00   3:05 
Connor Murphy            1  0  1   1  0   2  0  1  0  0  0/0    21:19   0:00   2:20 
Craig Smith              0  0  0   0  0   0  0  0  0  0  0/1    13:11   0:00   0:00 
Dante Fabbro             0  0  0  -1  2   1  1  1  0  0  0/0    18:43   0:34   2:11 
Ethan Bear               0  0  0  -1  0   1  0  0  0  0  0/0    18:26   0:34   1:53 
Filip Chytil             0  1  1   0  0   0  2  0  0  0  0/0    16:08   0:57   0:00 
Filip Forsberg           1  0  1   0  0   7  0  0  0  0  1/1    16:13   1:02   0:00 
Haydn Fleury             0  0  0   0  0   1  3  1  0  0  0/0    17:43   0:00   1:35 
Hugh McGing              0  0  0  -1  0   0  0  0  0  0  0/0    11:29   0:00   3:05 
Kevin Fiala              0  1  1   0  0   2  2  0  0  0  0/1    17:19   1:08   0:00 
Matt Duchene             0  1  1  -1  0   6  2  0  0  0  14/25  16:32   1:02   0:00 
Matt Martin              0  0  0  -1  0   2  0  0  0  0  1/2    11:16   0:00   2:52 
Parker Wotherspoon       0  0  0   0  2   0  1  1  0  0  0/0    17:20   0:17   0:32 
Roman Josi               0  0  0   0  0   4  1  0  0  0  0/0    25:04   1:25   3:23 
Ryan Johansen            0  0  0   0  0   3  1  0  0  0  9/22   16:00   0:00   2:49 
Seth Jarvis              0  2  2   1  0   5  2  0  0  0  2/2    16:15   0:57   0:00 
Tyler Seguin             1  1  2   1  0   2  0  0  0  0  14/22  16:20   1:02   0:00 

Players Stats for St-Louis Blues

Player Name              G  A  P  +/- PIM S  H  SB GA TA FO     MP     PP MP  PK MP  
------------------------------------------------------------------------------------
Alex Newhook             0  0  0   0  0   1  1  0  0  0  1/3    17:08   2:47   0:13 
Alex Pietrangelo         0  3  3   3  0   2  2  1  0  0  0/0    20:44   3:27   1:02 
Andreas Johnsson         0  0  0  -1  0   0  0  1  0  0  0/1    13:47   0:00   0:44 
Dakota Joshua            1  0  1   0  0   2  2  0  0  0  4/10   18:44   3:10   1:02 
Filip Zadina             1  0  1   0  0   1  0  0  0  0  1/1    17:18   3:10   0:00 
Jesper Boqvist           1  1  2   2  0   1  1  0  0  0  1/1    13:50   3:10   0:00 
Josh Mahura              0  0  0   1  0   2  2  1  0  0  0/0    18:34   0:29   1:02 
Klim Kostin              0  0  0  -1  0   2  1  0  0  0  2/3    18:02   2:47   1:02 
Niko Mikkola             0  0  0  -1  0   0  1  1  0  0  0/0    19:38   0:00   0:44 
Noel Acciari             0  0  0  -1  0   3  0  0  0  0  8/21   14:13   0:00   0:00 
Robert Bortuzzo          0  0  0  -3  0   1  0  1  0  0  0/0    19:38   0:00   0:00 
Robert Thomas            0  2  2   1  0   5  0  0  0  0  16/28  17:27   2:47   0:13 
Ryan Poehling            0  0  0  -1  0   5  0  0  0  0  8/14   15:33   2:30   0:00 
Sammy Blais              1  1  2   3  0   3  1  0  0  0  0/2    11:43   0:00   0:44 
Sean Durzi               0  1  1   1  0   1  1  2  0  0  0/0    20:51   2:58   0:57 
Troy Stecher             0  0  0  -1  0   1  1  0  0  0  0/0    18:05   2:30   0:13 
William Carrier          0  0  0  -1  0   5  3  0  0  0  0/1    13:03   0:00   0:00 
Zach Sanford             0  0  0   2  2   1  0  0  0  0  8/13   10:39   0:00   0:00 

3 Stars

1 - Alex Pietrangelo (STL)
2 - Sammy Blais (STL)
3 - Jesper Boqvist (STL)

Power Play

Nashville Predators - 0 on 1 Attempt(s) - 0.00%
St-Louis Blues - 0 on 3 Attempt(s) - 0.00%

Penalty Kill

Nashville Predators - 3 on 3 Attempt(s) - 100.00% - Score 0 goal in Penalty Kill
St-Louis Blues - 1 on 1 Attempt(s) - 100.00% - Score 0 goal in Penalty Kill

Team Stat

Nashville Predators - Hits : 18 - Faceoff Wins : 49 - Blocked Shots : 4 - Penalty Minutes : 6
St-Louis Blues - Hits : 16 - Faceoff Wins : 49 - Blocked Shots : 7 - Penalty Minutes : 2

Official

Referees : Chris Schlenker and Steve Kozari
Linesman : Travis Gawryletz and Travis Toomey

Game Notes

No Game Note

Finance

Level 1 -- Attendance: 9774 (97.74%) -- Ticket Income $ 860 112
Level 2 -- Attendance: 1910 (95.50%) -- Ticket Income $ 141 340
Level 3 -- Attendance: 2870 (82.00%) -- Ticket Income $ 126 280
Level 4 -- Attendance: 1269 (87.52%) -- Ticket Income $ 36 801
Luxury Box -- Attendance: 47 (94.00%) -- Ticket Income $ 10 246
Game was played at the Scottrade Center.
Total Attendance: 15870 (93.35%)
Total Ticket Income: $ 1 174 779
Total Income: $ 1 174 779

Nashville Predators

5 vs 5 Forward 
   Center                   Left Wing                Right Wing               Time % Phy DF OF 
 1 Tyler Seguin             Seth Jarvis              Kevin Fiala              30     1   2  2  
 2 Matt Duchene             Filip Chytil             Filip Forsberg           30     1   2  2  
 3 Ryan Johansen            Anthony Beauvillier      Craig Smith              25     1   2  2  
 4 Austin Watson            Hugh McGing              Matt Martin              15     1   2  2  

5 vs 5 Defense 
   Defense                  Defense                                           Time % Phy DF OF 
 1 Roman Josi               Connor Murphy                                     30     1   2  2  
 2 Ethan Bear               Dante Fabbro                                      30     1   2  2  
 3 Parker Wotherspoon       Haydn Fleury                                      25     1   2  2  
 4 Roman Josi               Connor Murphy                                     15     1   2  2  

PowerPlay Forward 
   Center                   Left Wing                Right Wing               Time % Phy DF OF 
 1 Tyler Seguin             Matt Duchene             Filip Forsberg           50     1   2  2  
 2 Seth Jarvis              Filip Chytil             Anthony Beauvillier      50     1   2  2  

PowerPlay Defense
   Defense                  Defense                                           Time % Phy DF OF 
 1 Roman Josi               Kevin Fiala                                       50     1   2  2  
 2 Ethan Bear               Dante Fabbro                                      50     1   2  2  

Penalty Kill 4 Players Forward 
   Center                   Wing                     Time % Phy DF OF 
 1 Austin Watson            Hugh McGing              50     1   2  2  
 2 Ryan Johansen            Matt Martin              50     1   2  2  

Penalty Kill 4 Players Defense
   Defense                  Defense                  Time % Phy DF OF 
 1 Roman Josi               Connor Murphy            50     1   2  2  
 2 Ethan Bear               Dante Fabbro             50     1   2  2  

Penalty Kill - 3 Players Forward 
   Forward                                           Time % Phy DF OF 
 1 Austin Watson                                     50     1   2  2  
 2 Hugh McGing                                       50     1   2  2  

Penalty Kill - 3 Players Defense
   Defense                  Defense                  Time % Phy DF OF 
 1 Roman Josi               Connor Murphy            50     1   2  2  
 2 Ethan Bear               Dante Fabbro             50     1   2  2  

4 vs 4 Forward 
   Center                   Wing                     Time % Phy DF OF 
 1 Kevin Fiala              Matt Duchene             50     1   2  2  
 2 Filip Forsberg           Tyler Seguin             50     1   2  2  

4 vs 4 Defense
   Defense                  Defense                  Time % Phy DF OF 
 1 Roman Josi               Connor Murphy            50     1   2  2  
 2 Ethan Bear               Dante Fabbro             50     1   2  2  

Last Minutes Offensive
   Center                   Left Wing                Right Wing               Defense                  Defense                  
   Kevin Fiala              Matt Duchene             Filip Forsberg           Roman Josi               Connor Murphy            

Last Minutes Defensive
   Center                   Left Wing                Right Wing               Defense                  Defense                  
   Kevin Fiala              Matt Duchene             Filip Forsberg           Roman Josi               Connor Murphy            

Goaltenders
Starting : Kaapo Kahkonen           
Backup : Kevin Lankinen           

Extra Forwards
Normal : Hugh McGing, Ryan Johansen, Anthony Beauvillier - PP : Hugh McGing, Ryan Johansen - PK : Anthony Beauvillier
Extra Defensemen
Normal : Parker Wotherspoon, Haydn Fleury, Ethan Bear - PP : Parker Wotherspoon - PK : Haydn Fleury, Ethan Bear
Penalty Shots
Kevin Fiala, Matt Duchene, Filip Forsberg, Tyler Seguin, Filip Chytil
Custom OT Lines Forwards
Kevin Fiala, Matt Duchene, Filip Forsberg, Tyler Seguin, Filip Chytil, Ryan Johansen, Seth Jarvis, Anthony Beauvillier, Matt Martin, Craig Smith
Custom OT Lines Defensemen
Roman Josi, Connor Murphy, Ethan Bear, Dante Fabbro, Parker Wotherspoon

Scratches
Nathan Beaulieu (Healthy)

St-Louis Blues

5 vs 5 Forward 
   Center                   Left Wing                Right Wing               Time % Phy DF OF 
 1 Robert Thomas            Alex Newhook             Filip Zadina             29     1   1  3  
 2 Noel Acciari             Klim Kostin              Dakota Joshua            29     1   1  3  
 3 Ryan Poehling            Andreas Johnsson         William Carrier          23     1   2  2  
 4 Zach Sanford             Sammy Blais              Jesper Boqvist           19     1   2  2  

5 vs 5 Defense 
   Defense                  Defense                                           Time % Phy DF OF 
 1 Alex Pietrangelo         Niko Mikkola                                      27     0   3  2  
 2 Josh Mahura              Sean Durzi                                        27     0   3  2  
 3 Troy Stecher             Robert Bortuzzo                                   25     1   3  1  
 4 Niko Mikkola             Robert Bortuzzo                                   21     1   3  1  

PowerPlay Forward 
   Center                   Left Wing                Right Wing               Time % Phy DF OF 
 1 Robert Thomas            Klim Kostin              Alex Newhook             50     0   1  4  
 2 Dakota Joshua            Jesper Boqvist           Filip Zadina             50     0   1  4  

PowerPlay Defense
   Defense                  Defense                                           Time % Phy DF OF 
 1 Alex Pietrangelo         Sean Durzi                                        50     0   1  4  
 2 Troy Stecher             Ryan Poehling                                     50     0   1  4  

Penalty Kill 4 Players Forward 
   Center                   Wing                     Time % Phy DF OF 
 1 Dakota Joshua            Klim Kostin              50     1   4  0  
 2 Zach Sanford             Andreas Johnsson         50     0   5  0  

Penalty Kill 4 Players Defense
   Defense                  Defense                  Time % Phy DF OF 
 1 Josh Mahura              Alex Pietrangelo         50     1   4  0  
 2 Niko Mikkola             Sean Durzi               50     1   4  0  

Penalty Kill - 3 Players Forward 
   Forward                                           Time % Phy DF OF 
 1 Noel Acciari                                      50     1   4  0  
 2 Ryan Poehling                                     50     0   5  0  

Penalty Kill - 3 Players Defense
   Defense                  Defense                  Time % Phy DF OF 
 1 Alex Pietrangelo         Niko Mikkola             50     1   4  0  
 2 Sean Durzi               Josh Mahura              50     0   5  0  

4 vs 4 Forward 
   Center                   Wing                     Time % Phy DF OF 
 1 Ryan Poehling            Sammy Blais              50     1   2  2  
 2 Noel Acciari             William Carrier          50     1   2  2  

4 vs 4 Defense
   Defense                  Defense                  Time % Phy DF OF 
 1 Alex Pietrangelo         Robert Bortuzzo          50     1   2  2  
 2 Niko Mikkola             Josh Mahura              50     1   2  2  

Last Minutes Offensive
   Center                   Left Wing                Right Wing               Defense                  Defense                  
   Robert Thomas            Alex Newhook             Filip Zadina             Alex Pietrangelo         Sean Durzi               

Last Minutes Defensive
   Center                   Left Wing                Right Wing               Defense                  Defense                  
   Ryan Poehling            Sammy Blais              William Carrier          Niko Mikkola             Josh Mahura              

Goaltenders
Starting : Charlie Lindgren         
Backup : Jordan Binnington        

Extra Forwards
Normal : Dakota Joshua, William Carrier, Jesper Boqvist - PP : Andreas Johnsson, Klim Kostin - PK : Sammy Blais
Extra Defensemen
Normal : Niko Mikkola, Alex Pietrangelo, Robert Bortuzzo - PP : Josh Mahura - PK : Troy Stecher, Sean Durzi
Penalty Shots
Robert Thomas, Filip Zadina, Ryan Poehling, Klim Kostin, Zach Sanford
Custom OT Lines Forwards
Dakota Joshua, Robert Thomas, Alex Newhook, Klim Kostin, Ryan Poehling, William Carrier, Andreas Johnsson, Noel Acciari, Sammy Blais, Filip Zadina
Custom OT Lines Defensemen
Alex Pietrangelo, Niko Mikkola, Sean Durzi, Robert Bortuzzo, Troy Stecher

Scratches
Matty Beniers (Healthy), Vladimir Tarasenko (Healthy), Marcus Pettersson (Left Eye Injury), Alexandre Carrier (Bruised Right Leg Injury), David Rittich (Strained Left Knee Injury)

% Time on Ice - Nashville Predators

Lines # - Real PCT - Wanted PCT - Time Play
Normal Forward
1 - 29% - 30% - 15:18
2 - 29% - 30% - 15:11
3 - 25% - 25% - 13:11
4 - 16% - 15% - 8:24
Normal Defense
1 - 28% - 30% - 14:32
2 - 32% - 30% - 16:33
3 - 31% - 25% - 16:08
4 - 9% - 15% - 4:51
PP Forward
1 - 52% - 50% - 1:02
2 - 48% - 50% - 0:57
PP Defense
1 - 71% - 50% - 1:25
2 - 29% - 50% - 0:34
PK Forward
1 - 52% - 50% - 3:05
2 - 48% - 50% - 2:52
PK Defense
1 - 39% - 50% - 2:19
2 - 61% - 50% - 3:38
PK3 Forward
1 - 0% - 50%
2 - 0% - 50%
PK3 Defense
1 - 0% - 50%
2 - 0% - 50%
44 Forward
1 - 0% - 50%
2 - 0% - 50%
44 Defense
1 - 0% - 50%
2 - 0% - 50%
Last Minute Offensive  - 0:00
Last Minute Defensive  - 0:00
Total
Forward - 60:00
Defense - 60:00

% Time on Ice - St-Louis Blues

Lines # - Real PCT - Wanted PCT - Time Play
Normal Forward
1 - 27% - 29% - 14:08
2 - 27% - 29% - 14:13
3 - 25% - 23% - 13:03
4 - 20% - 19% - 10:40
Normal Defense
1 - 30% - 27% - 15:29
2 - 33% - 27% - 16:57
3 - 23% - 25% - 12:11
4 - 14% - 21% - 7:27
PP Forward
1 - 47% - 50% - 2:47
2 - 53% - 50% - 3:10
PP Defense
1 - 58% - 50% - 3:27
2 - 42% - 50% - 2:30
PK Forward
1 - 52% - 50% - 1:02
2 - 48% - 50% - 0:57
PK Defense
1 - 52% - 50% - 1:02
2 - 48% - 50% - 0:57
PK3 Forward
1 - 0% - 50%
2 - 0% - 50%
PK3 Defense
1 - 0% - 50%
2 - 0% - 50%
44 Forward
1 - 0% - 50%
2 - 0% - 50%
44 Defense
1 - 0% - 50%
2 - 0% - 50%
Last Minute Offensive  - 0:00
Last Minute Defensive  - 0:00
Total
Forward - 60:00
Defense - 60:00

Play-by-Play

1st period


0:01 of 1st period - Robert Thomas wins face-off versus Tyler Seguin in neutral zone.
0:13 of 1st period - Icing by Connor Murphy.
0:14 of 1st period - Tyler Seguin wins face-off versus Noel Acciari in Nashville Predators zone.
0:20 of 1st period - Kevin Fiala is hit by Dakota Joshua and loses puck.
1:06 of 1st period - Shot by William Carrier.
1:06 of 1st period - Shot Misses the Net.
1:08 of 1st period - Shot by Ryan Poehling.
1:08 of 1st period - Deflect By William Carrier.
1:08 of 1st period - Stopped by Kaapo Kahkonen without a rebound.
1:09 of 1st period - Zach Sanford wins face-off versus Ryan Johansen in Nashville Predators zone.
1:18 of 1st period - Shot by Anthony Beauvillier.
1:18 of 1st period - Shot Misses the Net.
1:20 of 1st period - Shot by Anthony Beauvillier.
1:20 of 1st period - Stopped by Charlie Lindgren without a rebound.
1:21 of 1st period - Robert Thomas wins face-off versus Austin Watson in St-Louis Blues zone.
1:21 of 1st period - Robert Thomas is hit by Austin Watson.
1:26 of 1st period - Off-side.
1:27 of 1st period - Ryan Poehling wins face-off versus Ryan Johansen in neutral zone.
1:36 of 1st period - Shot by Ryan Poehling.
1:36 of 1st period - Shot Misses the Net.
1:41 of 1st period - Andreas Johnsson is hit by Roman Josi and loses puck.
2:25 of 1st period - Sean Durzi is hit by Matt Duchene and loses puck.
3:01 of 1st period - Icing by Filip Forsberg.
3:02 of 1st period - Noel Acciari wins face-off versus Matt Duchene in Nashville Predators zone.
3:05 of 1st period - Shot by Klim Kostin.
3:05 of 1st period - Shot Blocked by Parker Wotherspoon.
3:07 of 1st period - Shot by Klim Kostin.
3:07 of 1st period - Stopped by Kaapo Kahkonen without a rebound.
3:08 of 1st period - Klim Kostin wins face-off versus Austin Watson in Nashville Predators zone.
3:08 of 1st period - Klim Kostin is hit by Dante Fabbro.
3:32 of 1st period - Shot by Austin Watson.
3:32 of 1st period - Shot Misses the Net.
4:36 of 1st period - Shot by Sammy Blais.
4:36 of 1st period - Stopped by Kaapo Kahkonen without a rebound.
4:37 of 1st period - Matt Duchene wins face-off versus Robert Thomas in Nashville Predators zone.
4:58 of 1st period - Shot by Matt Duchene.
4:58 of 1st period - Stopped by Charlie Lindgren without a rebound.
4:59 of 1st period - Ryan Johansen wins face-off versus Ryan Poehling in St-Louis Blues zone.
5:03 of 1st period - Icing by Robert Bortuzzo.
5:04 of 1st period - Ryan Poehling wins face-off versus Craig Smith in St-Louis Blues zone.
5:13 of 1st period - Shot by Ryan Poehling.
5:13 of 1st period - Deflect By William Carrier.
5:13 of 1st period - Stopped by Kaapo Kahkonen with a rebound.
5:29 of 1st period - Shot by Ryan Poehling.
5:29 of 1st period - Shot Misses the Net.
5:45 of 1st period - Icing by Sean Durzi.
5:46 of 1st period - Robert Thomas wins face-off versus Tyler Seguin in St-Louis Blues zone.
6:03 of 1st period - Shot by Robert Thomas.
6:03 of 1st period - Shot Misses the Net.
8:25 of 1st period - Shot by Craig Smith.
8:25 of 1st period - Shot Misses the Net.
9:09 of 1st period - Shot by Matt Duchene.
9:09 of 1st period - Stopped by Charlie Lindgren without a rebound.
9:10 of 1st period - Noel Acciari wins face-off versus Matt Duchene in St-Louis Blues zone.
9:21 of 1st period - Shot by Noel Acciari.
9:21 of 1st period - Stopped by Kaapo Kahkonen without a rebound.
9:22 of 1st period - Ryan Johansen wins face-off versus Robert Thomas in Nashville Predators zone.
9:57 of 1st period - Icing by Connor Murphy.
9:58 of 1st period - Ryan Johansen wins face-off versus Noel Acciari in Nashville Predators zone.
10:23 of 1st period - Alex Pietrangelo is hit by Filip Chytil and loses puck.
11:05 of 1st period - Off-side.
11:06 of 1st period - Tyler Seguin wins face-off versus Robert Thomas in neutral zone.
11:20 of 1st period - Shot by Alex Pietrangelo.
11:20 of 1st period - Shot Misses the Net.
11:22 of 1st period - Shot by Robert Thomas.
11:22 of 1st period - Shot Misses the Net.
11:24 of 1st period - Shot by Filip Zadina.
11:24 of 1st period - Goal by Filip Zadina - Nashville Predators : 0 - St-Louis Blues : 1.
11:25 of 1st period - Robert Thomas wins face-off versus Austin Watson in neutral zone.
11:45 of 1st period - Shot by Matt Martin.
11:45 of 1st period - Stopped by Charlie Lindgren without a rebound.
11:46 of 1st period - Tyler Seguin wins face-off versus Zach Sanford in St-Louis Blues zone.
12:24 of 1st period - Shot by Alex Pietrangelo.
12:24 of 1st period - Shot Misses the Net.
12:43 of 1st period - Shot by Noel Acciari.
12:43 of 1st period - Deflect By Klim Kostin.
12:43 of 1st period - Shot Misses the Net.
12:47 of 1st period - Shot by Noel Acciari.
12:47 of 1st period - Shot Misses the Net.
12:54 of 1st period - Icing by Roman Josi.
12:55 of 1st period - Ryan Poehling wins face-off versus Tyler Seguin in Nashville Predators zone.
13:08 of 1st period - Shot by Ryan Poehling.
13:08 of 1st period - Stopped by Kaapo Kahkonen without a rebound.
13:09 of 1st period - Matt Duchene wins face-off versus Robert Thomas in Nashville Predators zone.
13:09 of 1st period - Filip Chytil is hit by Alex Newhook.
13:13 of 1st period - Shot by Filip Forsberg.
13:13 of 1st period - Stopped by Charlie Lindgren without a rebound.
13:14 of 1st period - Matt Duchene wins face-off versus Robert Thomas in St-Louis Blues zone.
13:21 of 1st period - Shot by Matt Duchene.
13:21 of 1st period - Deflect By Filip Forsberg.
13:21 of 1st period - Stopped by Charlie Lindgren without a rebound.
13:22 of 1st period - Ryan Johansen wins face-off versus Noel Acciari in St-Louis Blues zone.
13:28 of 1st period - Icing by Troy Stecher.
13:29 of 1st period - Matt Duchene wins face-off versus Noel Acciari in St-Louis Blues zone.
13:49 of 1st period - Shot by Troy Stecher.
13:49 of 1st period - Stopped by Kaapo Kahkonen without a rebound.
13:49 of 1st period - Minor Penalty to Kaapo Kahkonen for Slashing.
13:50 of 1st period - Robert Thomas wins face-off versus Austin Watson in Nashville Predators zone.
13:57 of 1st period - Shot by Sean Durzi.
13:57 of 1st period - Stopped by Kaapo Kahkonen without a rebound.
13:58 of 1st period - Ryan Johansen wins face-off versus Dakota Joshua in Nashville Predators zone.
14:42 of 1st period - Parker Wotherspoon is hit by Klim Kostin and loses puck.
14:49 of 1st period - Shot by Alex Newhook.
14:49 of 1st period - Shot Misses the Net.
14:51 of 1st period - Shot by Klim Kostin.
14:51 of 1st period - Stopped by Kaapo Kahkonen without a rebound.
14:52 of 1st period - Robert Thomas wins face-off versus Ryan Johansen in Nashville Predators zone.
15:13 of 1st period - Shot by Ryan Poehling.
15:13 of 1st period - Stopped by Kaapo Kahkonen without a rebound.
15:14 of 1st period - Dakota Joshua wins face-off versus Austin Watson in Nashville Predators zone.
15:53 of 1st period - Ryan Poehling is hit by Filip Chytil and loses puck.
15:59 of 1st period - Off-side.
16:00 of 1st period - Tyler Seguin wins face-off versus Ryan Poehling in neutral zone.
16:03 of 1st period - Shot by Kevin Fiala.
16:03 of 1st period - Shot Misses the Net.
16:06 of 1st period - Icing by Ryan Poehling.
16:07 of 1st period - Matt Duchene wins face-off versus William Carrier in St-Louis Blues zone.
16:31 of 1st period - Shot by Filip Forsberg.
16:31 of 1st period - Stopped by Charlie Lindgren without a rebound.
16:32 of 1st period - Robert Thomas wins face-off versus Tyler Seguin in St-Louis Blues zone.
16:32 of 1st period - Robert Thomas is hit by Kevin Fiala.
17:01 of 1st period - Shot by Alex Newhook.
17:01 of 1st period - Stopped by Kaapo Kahkonen with a rebound.
17:20 of 1st period - Icing by Alex Pietrangelo.
17:21 of 1st period - Jesper Boqvist wins face-off versus Ryan Johansen in St-Louis Blues zone.
17:33 of 1st period - Shot by Ryan Johansen.
17:33 of 1st period - Stopped by Charlie Lindgren with a rebound.
17:36 of 1st period - Icing by Alex Pietrangelo.
17:37 of 1st period - Zach Sanford wins face-off versus Matt Duchene in St-Louis Blues zone.
17:50 of 1st period - Shot by Filip Forsberg.
17:50 of 1st period - Shot Misses the Net.
19:05 of 1st period - Shot by Connor Murphy.
19:05 of 1st period - Stopped by Charlie Lindgren with a rebound.
19:09 of 1st period - Shot by Roman Josi.
19:09 of 1st period - Shot Misses the Net.
19:11 of 1st period - Shot by Matt Martin.
19:11 of 1st period - Stopped by Charlie Lindgren with a rebound.
19:15 of 1st period - Shot by Austin Watson.
19:15 of 1st period - Deflect By Hugh McGing.
19:15 of 1st period - Shot Misses the Net.
Goals for this period are 0 for Nashville Predators vs 1 for St-Louis Blues.
Shots for this period are 10 for Nashville Predators vs 12 for St-Louis Blues.

2nd period


0:01 of 2nd period - Robert Thomas wins face-off versus Ryan Johansen in neutral zone.
0:32 of 2nd period - Shot by Connor Murphy.
0:32 of 2nd period - Shot Misses the Net.
1:02 of 2nd period - Shot by Matt Duchene.
1:02 of 2nd period - Stopped by Charlie Lindgren with a rebound.
1:08 of 2nd period - Shot by Filip Forsberg.
1:08 of 2nd period - Stopped by Charlie Lindgren with a rebound.
2:10 of 2nd period - Shot by Noel Acciari.
2:10 of 2nd period - Stopped by Kaapo Kahkonen without a rebound.
2:11 of 2nd period - Austin Watson wins face-off versus Sammy Blais in Nashville Predators zone.
2:56 of 2nd period - Off-side.
2:57 of 2nd period - Matt Duchene wins face-off versus Noel Acciari in neutral zone.
3:20 of 2nd period - Shot by Noel Acciari.
3:20 of 2nd period - Stopped by Kaapo Kahkonen without a rebound.
3:21 of 2nd period - Ryan Poehling wins face-off versus Ryan Johansen in Nashville Predators zone.
4:07 of 2nd period - Shot by Tyler Seguin.
4:07 of 2nd period - Shot Misses the Net.
4:09 of 2nd period - Shot by Seth Jarvis.
4:09 of 2nd period - Deflect By Tyler Seguin.
4:09 of 2nd period - Shot Blocked by Andreas Johnsson.
4:11 of 2nd period - Shot by Seth Jarvis.
4:11 of 2nd period - Stopped by Charlie Lindgren without a rebound.
4:12 of 2nd period - Matt Duchene wins face-off versus Noel Acciari in St-Louis Blues zone.
4:31 of 2nd period - Shot by Filip Forsberg.
4:31 of 2nd period - Goal by Filip Forsberg - Nashville Predators : 1 - St-Louis Blues : 1.
4:32 of 2nd period - Zach Sanford wins face-off versus Tyler Seguin in neutral zone.
4:37 of 2nd period - Shot by Josh Mahura.
4:37 of 2nd period - Stopped by Kaapo Kahkonen without a rebound.
4:38 of 2nd period - Tyler Seguin wins face-off versus Robert Thomas in Nashville Predators zone.
4:53 of 2nd period - Shot by Seth Jarvis.
4:53 of 2nd period - Stopped by Charlie Lindgren without a rebound.
4:54 of 2nd period - Matt Duchene wins face-off versus Noel Acciari in St-Louis Blues zone.
5:21 of 2nd period - Shot by Matt Duchene.
5:21 of 2nd period - Stopped by Charlie Lindgren without a rebound.
5:22 of 2nd period - Robert Thomas wins face-off versus Ryan Johansen in St-Louis Blues zone.
5:27 of 2nd period - Shot by Ryan Johansen.
5:27 of 2nd period - Stopped by Charlie Lindgren without a rebound.
5:28 of 2nd period - Robert Thomas wins face-off versus Ryan Johansen in St-Louis Blues zone.
5:33 of 2nd period - Shot by Alex Newhook.
5:33 of 2nd period - Shot Blocked by Dante Fabbro.
5:39 of 2nd period - Shot by Robert Thomas.
5:39 of 2nd period - Stopped by Kaapo Kahkonen with a rebound.
5:41 of 2nd period - Shot by Filip Zadina.
5:41 of 2nd period - Shot Misses the Net.
6:38 of 2nd period - Shot by Tyler Seguin.
6:38 of 2nd period - Goal by Tyler Seguin - Nashville Predators : 2 - St-Louis Blues : 1.
6:39 of 2nd period - Matt Duchene wins face-off versus Noel Acciari in neutral zone.
6:58 of 2nd period - Shot by Matt Duchene.
6:58 of 2nd period - Stopped by Charlie Lindgren without a rebound.
6:59 of 2nd period - Austin Watson wins face-off versus Zach Sanford in St-Louis Blues zone.
7:03 of 2nd period - Icing by Sean Durzi.
7:04 of 2nd period - Zach Sanford wins face-off versus Matt Martin in St-Louis Blues zone.
7:15 of 2nd period - Icing by Connor Murphy.
7:16 of 2nd period - Austin Watson wins face-off versus Robert Thomas in Nashville Predators zone.
9:00 of 2nd period - Noel Acciari is hit by Parker Wotherspoon and loses puck.
9:27 of 2nd period - Troy Stecher is hit by Seth Jarvis and loses puck.
9:49 of 2nd period - Craig Smith is hit by Troy Stecher.
10:10 of 2nd period - Off-side.
10:11 of 2nd period - Zach Sanford wins face-off versus Austin Watson in neutral zone.
10:20 of 2nd period - Shot by Jesper Boqvist.
10:20 of 2nd period - Deflect By Sammy Blais.
10:20 of 2nd period - Goal by Sammy Blais - Nashville Predators : 2 - St-Louis Blues : 2.
10:21 of 2nd period - Matt Duchene wins face-off versus Noel Acciari in neutral zone.
10:23 of 2nd period - Filip Forsberg is hit by Sean Durzi.
10:47 of 2nd period - Shot by Dakota Joshua.
10:47 of 2nd period - Stopped by Kaapo Kahkonen without a rebound.
10:48 of 2nd period - Austin Watson wins face-off versus Zach Sanford in Nashville Predators zone.
11:10 of 2nd period - Hugh McGing is hit by Jesper Boqvist and loses puck.
11:15 of 2nd period - Dante Fabbro is hit by Sammy Blais and loses puck.
11:16 of 2nd period - Minor Penalty to Zach Sanford for Cross-checking.
11:17 of 2nd period - Dakota Joshua wins face-off versus Tyler Seguin in St-Louis Blues zone.
11:44 of 2nd period - Shot by Roman Josi.
11:44 of 2nd period - Stopped by Charlie Lindgren without a rebound.
11:45 of 2nd period - Seth Jarvis wins face-off versus Sammy Blais in St-Louis Blues zone.
11:48 of 2nd period - Shot by Filip Chytil.
11:48 of 2nd period - Shot Blocked by Sean Durzi.
11:50 of 2nd period - Shot by Anthony Beauvillier.
11:50 of 2nd period - Stopped by Charlie Lindgren without a rebound.
11:51 of 2nd period - Seth Jarvis wins face-off versus Andreas Johnsson in St-Louis Blues zone.
13:18 of 2nd period - Shot by Seth Jarvis.
13:18 of 2nd period - Shot Misses the Net.
13:32 of 2nd period - Shot by Matt Martin.
13:32 of 2nd period - Shot Blocked by Robert Bortuzzo.
14:15 of 2nd period - Shot by William Carrier.
14:15 of 2nd period - Stopped by Kaapo Kahkonen without a rebound.
14:16 of 2nd period - Matt Duchene wins face-off versus Zach Sanford in Nashville Predators zone.
14:33 of 2nd period - Shot by Alex Pietrangelo.
14:33 of 2nd period - Shot Misses the Net.
14:35 of 2nd period - Shot by Sammy Blais.
14:35 of 2nd period - Deflect By Jesper Boqvist.
14:35 of 2nd period - Shot Misses the Net.
14:37 of 2nd period - Shot by Jesper Boqvist.
14:37 of 2nd period - Goal by Jesper Boqvist - Nashville Predators : 2 - St-Louis Blues : 3.
14:38 of 2nd period - Tyler Seguin wins face-off versus Dakota Joshua in neutral zone.
14:48 of 2nd period - Kevin Fiala is hit by Josh Mahura and loses puck.
15:05 of 2nd period - Shot by Roman Josi.
15:05 of 2nd period - Stopped by Charlie Lindgren with a rebound.
15:07 of 2nd period - Shot by Seth Jarvis.
15:07 of 2nd period - Shot Blocked by Josh Mahura.
15:38 of 2nd period - Shot by William Carrier.
15:38 of 2nd period - Stopped by Kaapo Kahkonen without a rebound.
15:39 of 2nd period - Zach Sanford wins face-off versus Austin Watson in Nashville Predators zone.
15:39 of 2nd period - Sammy Blais is hit by Haydn Fleury and loses puck.
15:46 of 2nd period - Shot by Jesper Boqvist.
15:46 of 2nd period - Deflect By Zach Sanford.
15:46 of 2nd period - Stopped by Kaapo Kahkonen with a rebound.
15:48 of 2nd period - Shot by Robert Bortuzzo.
15:48 of 2nd period - Stopped by Kaapo Kahkonen without a rebound.
15:49 of 2nd period - Matt Duchene wins face-off versus Ryan Poehling in Nashville Predators zone.
17:59 of 2nd period - Shot by Sammy Blais.
17:59 of 2nd period - Stopped by Kaapo Kahkonen without a rebound.
18:00 of 2nd period - Noel Acciari wins face-off versus Austin Watson in Nashville Predators zone.
18:23 of 2nd period - Icing by Austin Watson.
18:24 of 2nd period - Matt Martin wins face-off versus Ryan Poehling in Nashville Predators zone.
18:24 of 2nd period - Matt Martin is hit by William Carrier.
18:32 of 2nd period - Off-side.
18:33 of 2nd period - Tyler Seguin wins face-off versus Zach Sanford in neutral zone.
18:39 of 2nd period - Seth Jarvis is hit by Niko Mikkola and loses puck.
18:56 of 2nd period - Shot by Seth Jarvis.
18:56 of 2nd period - Stopped by Charlie Lindgren without a rebound.
18:57 of 2nd period - Filip Forsberg wins face-off versus Dakota Joshua in St-Louis Blues zone.
19:00 of 2nd period - Shot by Filip Chytil.
19:00 of 2nd period - Shot Blocked by Sean Durzi.
19:13 of 2nd period - Icing by Sean Durzi.
19:14 of 2nd period - Klim Kostin wins face-off versus Ryan Johansen in St-Louis Blues zone.
19:14 of 2nd period - Klim Kostin is hit by Anthony Beauvillier.
19:21 of 2nd period - Icing by Sean Durzi.
19:22 of 2nd period - Tyler Seguin wins face-off versus Noel Acciari in St-Louis Blues zone.
19:22 of 2nd period - Tyler Seguin is hit by Josh Mahura.
19:33 of 2nd period - Icing by Sean Durzi.
19:34 of 2nd period - Noel Acciari wins face-off versus Ryan Johansen in St-Louis Blues zone.
19:43 of 2nd period - Shot by Ryan Johansen.
19:43 of 2nd period - Stopped by Charlie Lindgren with a rebound.
Goals for this period are 2 for Nashville Predators vs 2 for St-Louis Blues.
Shots for this period are 14 for Nashville Predators vs 12 for St-Louis Blues.

3rd period


0:01 of 3rd period - Tyler Seguin wins face-off versus Robert Thomas in neutral zone.
0:08 of 3rd period - Shot by Seth Jarvis.
0:08 of 3rd period - Stopped by Charlie Lindgren with a rebound.
0:10 of 3rd period - Shot by Connor Murphy.
0:10 of 3rd period - Goal by Connor Murphy - Nashville Predators : 3 - St-Louis Blues : 3.
0:11 of 3rd period - Noel Acciari wins face-off versus Matt Duchene in neutral zone.
0:32 of 3rd period - Shot by Josh Mahura.
0:32 of 3rd period - Stopped by Kaapo Kahkonen without a rebound.
0:33 of 3rd period - Tyler Seguin wins face-off versus Alex Newhook in Nashville Predators zone.
0:41 of 3rd period - Icing by Robert Bortuzzo.
0:42 of 3rd period - Ryan Johansen wins face-off versus Alex Newhook in St-Louis Blues zone.
0:49 of 3rd period - Shot by Robert Thomas.
0:49 of 3rd period - Stopped by Kaapo Kahkonen without a rebound.
0:50 of 3rd period - Tyler Seguin wins face-off versus Ryan Poehling in Nashville Predators zone.
0:50 of 3rd period - Tyler Seguin is hit by William Carrier.
1:11 of 3rd period - Shot by Sean Durzi.
1:11 of 3rd period - Shot Misses the Net.
1:17 of 3rd period - Shot by William Carrier.
1:17 of 3rd period - Stopped by Kaapo Kahkonen without a rebound.
1:18 of 3rd period - Robert Thomas wins face-off versus Matt Duchene in Nashville Predators zone.
1:39 of 3rd period - Shot by Matt Duchene.
1:39 of 3rd period - Shot Misses the Net.
1:43 of 3rd period - Shot by Matt Duchene.
1:43 of 3rd period - Stopped by Charlie Lindgren without a rebound.
1:44 of 3rd period - Noel Acciari wins face-off versus Ryan Johansen in St-Louis Blues zone.
1:44 of 3rd period - Noel Acciari is hit by Anthony Beauvillier.
2:23 of 3rd period - William Carrier is hit by Haydn Fleury and loses puck.
2:24 of 3rd period - Minor Penalty to Parker Wotherspoon for Elbowing.
2:25 of 3rd period - Robert Thomas wins face-off versus Austin Watson in Nashville Predators zone.
2:30 of 3rd period - Shot by Ryan Poehling.
2:30 of 3rd period - Stopped by Kaapo Kahkonen with a rebound.
2:50 of 3rd period - Shot by Robert Thomas.
2:50 of 3rd period - Stopped by Kaapo Kahkonen without a rebound.
2:51 of 3rd period - Ryan Johansen wins face-off versus Dakota Joshua in Nashville Predators zone.
2:51 of 3rd period - Ryan Johansen is hit by Dakota Joshua.
2:58 of 3rd period - Icing by Alex Pietrangelo.
2:59 of 3rd period - Austin Watson wins face-off versus Dakota Joshua in St-Louis Blues zone.
2:59 of 3rd period - Ethan Bear is hit by Alex Pietrangelo.
3:02 of 3rd period - Hugh McGing is hit by Alex Pietrangelo and loses puck.
3:51 of 3rd period - Shot by Ryan Poehling.
3:51 of 3rd period - Stopped by Kaapo Kahkonen without a rebound.
3:52 of 3rd period - Austin Watson wins face-off versus Dakota Joshua in Nashville Predators zone.
4:18 of 3rd period - Shot by Filip Zadina.
4:18 of 3rd period - Shot Misses the Net.
4:20 of 3rd period - Shot by Alex Pietrangelo.
4:20 of 3rd period - Stopped by Kaapo Kahkonen without a rebound.
4:21 of 3rd period - Anthony Beauvillier wins face-off versus Robert Thomas in Nashville Predators zone.
4:30 of 3rd period - Shot by Seth Jarvis.
4:30 of 3rd period - Shot Misses the Net.
5:04 of 3rd period - Shot by Sean Durzi.
5:04 of 3rd period - Shot Hit the Post.
5:06 of 3rd period - Shot by Robert Thomas.
5:06 of 3rd period - Deflect By Alex Newhook.
5:06 of 3rd period - Shot Blocked by Haydn Fleury.
5:08 of 3rd period - Shot by Alex Newhook.
5:08 of 3rd period - Shot Misses the Net.
5:10 of 3rd period - Shot by Robert Thomas.
5:10 of 3rd period - Stopped by Kaapo Kahkonen without a rebound.
5:11 of 3rd period - Zach Sanford wins face-off versus Matt Duchene in Nashville Predators zone.
5:22 of 3rd period - Troy Stecher is hit by Matt Duchene.
5:26 of 3rd period - Shot by Zach Sanford.
5:26 of 3rd period - Shot Misses the Net.
5:49 of 3rd period - Off-side.
5:50 of 3rd period - Ryan Johansen wins face-off versus Noel Acciari in neutral zone.
6:03 of 3rd period - Shot by Craig Smith.
6:03 of 3rd period - Shot Misses the Net.
6:05 of 3rd period - Shot by Anthony Beauvillier.
6:05 of 3rd period - Stopped by Charlie Lindgren with a rebound.
6:31 of 3rd period - Ethan Bear is hit by William Carrier and loses puck.
7:03 of 3rd period - Icing by Haydn Fleury.
7:04 of 3rd period - Tyler Seguin wins face-off versus Robert Thomas in Nashville Predators zone.
8:12 of 3rd period - Shot by Filip Forsberg.
8:12 of 3rd period - Stopped by Charlie Lindgren without a rebound.
8:13 of 3rd period - Austin Watson wins face-off versus Noel Acciari in St-Louis Blues zone.
8:22 of 3rd period - Shot by Austin Watson.
8:22 of 3rd period - Stopped by Charlie Lindgren without a rebound.
8:23 of 3rd period - Ryan Poehling wins face-off versus Austin Watson in St-Louis Blues zone.
9:17 of 3rd period - Shot by Filip Chytil.
9:17 of 3rd period - Shot Misses the Net.
9:21 of 3rd period - Shot by Filip Forsberg.
9:21 of 3rd period - Shot Misses the Net.
9:23 of 3rd period - Shot by Dante Fabbro.
9:23 of 3rd period - Stopped by Charlie Lindgren without a rebound.
9:24 of 3rd period - Noel Acciari wins face-off versus Tyler Seguin in St-Louis Blues zone.
9:24 of 3rd period - Noel Acciari is hit by Seth Jarvis.
9:27 of 3rd period - Dakota Joshua is hit by Kevin Fiala and loses puck.
9:34 of 3rd period - Icing by Josh Mahura.
9:35 of 3rd period - Ryan Johansen wins face-off versus Klim Kostin in St-Louis Blues zone.
9:51 of 3rd period - Shot by Anthony Beauvillier.
9:51 of 3rd period - Stopped by Charlie Lindgren without a rebound.
9:52 of 3rd period - Robert Thomas wins face-off versus Kevin Fiala in St-Louis Blues zone.
9:59 of 3rd period - Icing by Robert Thomas.
10:00 of 3rd period - Filip Zadina wins face-off versus Matt Duchene in St-Louis Blues zone.
10:06 of 3rd period - Off-side.
10:07 of 3rd period - Tyler Seguin wins face-off versus Noel Acciari in neutral zone.
10:12 of 3rd period - Shot by Seth Jarvis.
10:12 of 3rd period - Stopped by Charlie Lindgren without a rebound.
10:13 of 3rd period - Alex Newhook wins face-off versus Matt Duchene in St-Louis Blues zone.
10:23 of 3rd period - Minor Penalty to Dante Fabbro for Slashing.
10:24 of 3rd period - Dakota Joshua wins face-off versus Ryan Johansen in Nashville Predators zone.
10:25 of 3rd period - Shot by Ryan Poehling.
10:25 of 3rd period - Stopped by Kaapo Kahkonen with a rebound.
11:39 of 3rd period - Shot by Alex Pietrangelo.
11:39 of 3rd period - Stopped by Kaapo Kahkonen without a rebound.
11:40 of 3rd period - Robert Thomas wins face-off versus Austin Watson in Nashville Predators zone.
12:09 of 3rd period - Shot by Robert Thomas.
12:09 of 3rd period - Stopped by Kaapo Kahkonen without a rebound.
12:10 of 3rd period - Dakota Joshua wins face-off versus Austin Watson in Nashville Predators zone.
12:28 of 3rd period - Ryan Poehling is hit by Haydn Fleury and loses puck.
12:43 of 3rd period - Shot by Filip Chytil.
12:43 of 3rd period - Shot Blocked by Niko Mikkola.
12:46 of 3rd period - Icing by Robert Bortuzzo.
12:47 of 3rd period - Ryan Poehling wins face-off versus Tyler Seguin in St-Louis Blues zone.
13:11 of 3rd period - Shot by Tyler Seguin.
13:11 of 3rd period - Stopped by Charlie Lindgren with a rebound.
14:13 of 3rd period - Shot by Filip Forsberg.
14:13 of 3rd period - Stopped by Charlie Lindgren with a rebound.
14:15 of 3rd period - Shot by Haydn Fleury.
14:15 of 3rd period - Stopped by Charlie Lindgren without a rebound.
14:16 of 3rd period - Robert Thomas wins face-off versus Austin Watson in St-Louis Blues zone.
14:24 of 3rd period - Shot by Robert Thomas.
14:24 of 3rd period - Shot Misses the Net.
14:54 of 3rd period - Icing by Robert Thomas.
14:55 of 3rd period - Tyler Seguin wins face-off versus Robert Thomas in St-Louis Blues zone.
14:58 of 3rd period - Shot by Kevin Fiala.
14:58 of 3rd period - Stopped by Charlie Lindgren without a rebound.
14:59 of 3rd period - Noel Acciari wins face-off versus Matt Duchene in St-Louis Blues zone.
15:21 of 3rd period - Shot by Klim Kostin.
15:21 of 3rd period - Shot Misses the Net.
15:55 of 3rd period - Shot by Ethan Bear.
15:55 of 3rd period - Stopped by Charlie Lindgren with a rebound.
15:57 of 3rd period - Shot by Dante Fabbro.
15:57 of 3rd period - Shot Misses the Net.
16:23 of 3rd period - Shot by Ryan Johansen.
16:23 of 3rd period - Shot Misses the Net.
16:31 of 3rd period - Shot by Robert Bortuzzo.
16:31 of 3rd period - Shot Blocked by Connor Murphy.
16:33 of 3rd period - Shot by Robert Thomas.
16:33 of 3rd period - Shot Misses the Net.
17:02 of 3rd period - Icing by Josh Mahura.
17:03 of 3rd period - Matt Duchene wins face-off versus Ryan Poehling in St-Louis Blues zone.
17:04 of 3rd period - Shot by Filip Forsberg.
17:04 of 3rd period - Shot Blocked by Alex Pietrangelo.
18:06 of 3rd period - Off-side.
18:07 of 3rd period - Zach Sanford wins face-off versus Austin Watson in neutral zone.
18:20 of 3rd period - Shot by Jesper Boqvist.
18:20 of 3rd period - Shot Misses the Net.
18:30 of 3rd period - Shot by Jesper Boqvist.
18:30 of 3rd period - Shot Misses the Net.
19:12 of 3rd period - Shot by Roman Josi.
19:12 of 3rd period - Stopped by Charlie Lindgren with a rebound.
19:14 of 3rd period - Shot by Roman Josi.
19:14 of 3rd period - Stopped by Charlie Lindgren without a rebound.
19:15 of 3rd period - Ryan Poehling wins face-off versus Matt Duchene in St-Louis Blues zone.
19:19 of 3rd period - Off-side.
19:20 of 3rd period - Ryan Poehling wins face-off versus Ryan Johansen in neutral zone.
19:20 of 3rd period - Andreas Johnsson is hit by Ryan Johansen.
Goals for this period are 1 for Nashville Predators vs 0 for St-Louis Blues.
Shots for this period are 16 for Nashville Predators vs 11 for St-Louis Blues.

Overtime #1


0:01 of 1st overtime period - Matt Duchene wins face-off versus Robert Thomas in neutral zone.
0:08 of 1st overtime period - Shot by Kevin Fiala.
0:08 of 1st overtime period - Stopped by Charlie Lindgren without a rebound.
0:09 of 1st overtime period - Robert Thomas wins face-off versus Matt Duchene in St-Louis Blues zone.
0:18 of 1st overtime period - Shot by Dakota Joshua.
0:18 of 1st overtime period - Goal by Dakota Joshua - Nashville Predators : 3 - St-Louis Blues : 4.
Goals for this period are 0 for Nashville Predators vs 1 for St-Louis Blues.
Shots for this period are 1 for Nashville Predators vs 1 for St-Louis Blues.